Map: Shrines of Lizul

Players

Subwaymaker - Winner!

  • Race: Protoss Protoss
  • League: Silver
  • Spawn Location: 12:00

Mesrob - Winner!

  • Race: Terran Terran
  • Spawn Location: 3:00

Fezthebear

  • Race: Zerg Zerg
  • Spawn Location: 9:00

Spookatron

  • Race: Terran Terran
  • Spawn Location: 6:00

VOD

Have the link to the VOD?

Description

Time

  • Played on: Jan. 7, 2019, 3:12 p.m.
  • Length: 22:02
Show
View Real Time Build Order
Export as new Build Order

Subwaymaker Protoss - Winner!

Build Orders:  

Get SALT Encoding   

  1  0:00  Probe  
  13  0:07  Probe  
  14  0:28  Pylon  
  14  0:32  Assimilator, Probe  
  15  0:46  Probe  
  16  0:51  Gateway  
  16  0:55  Probe  
  16  1:04  Probe  
  18  1:12  Probe  
  19  1:24  Probe  
  20  1:34  Assimilator  
  20  1:36  Probe  
  21  1:45  Cybernetics Core  
  21  1:47  Pylon  
  21  1:48  Probe  
  21  1:50  Pylon  
  22  2:00  Probe  
  23  2:08  Probe  
  23  2:09  Zealot  
  26  2:18  Probe  
  27  2:26  Stargate  
  27  2:37  Forge  
  27  2:44  Stargate  
  27  2:52  Stalker  
  29  3:01  Pylon  
  29  3:04  Pylon  
  29  3:08  Void Ray  
  33  3:44  Nexus  
  33  3:46  Pylon  
  6  5:15  Probe  
  7  5:23  Probe  
  8  5:33  Probe  
  9  5:45  Probe  
  10  6:15  Probe  
  10  6:24  Probe x2  
  13  6:33  Probe  
  13  6:37  Probe  
  15  6:43  Probe  
  15  6:45  Void Ray  
  20  6:48  Probe  
  20  6:51  Probe  
  21  6:56  Probe  
  21  6:59  Probe  
  23  7:05  Probe  
  25  7:12  Probe  
  26  7:24  Probe  
  27  7:34  Probe  
  27  7:42  Probe  
  29  7:52  Probe x2  
  29  7:56  Assimilator  
  29  7:58  Assimilator  
  31  8:00  Pylon, Probe  
  31  8:04  Probe  
  33  8:08  Probe  
  34  8:16  Probe  
  34  8:18  Void Ray, Probe  
  40  8:28  Probe x2  
  42  8:36  Probe x2  
  42  8:38  Protoss Air Weapons Level 1  
  44  8:44  Probe  
  44  8:45  Probe  
  45  8:52  Probe  
  46  8:59  Probe  
  46  9:00  Probe  
  48  9:05  Void Ray  
  53  9:10  Probe  
  53  9:11  Probe  
  53  9:14  Void Ray  
  59  9:22  Probe  
  52  9:55  Void Ray  
  52  9:58  Void Ray  
  60  10:07  Pylon  
  60  10:14  Gateway  
  60  10:15  Gateway  
  60  10:17  Gateway  
  60  10:37  Protoss Ground Weapons Level 1  
  60  10:40  Warp Gate  
  60  10:41  Void Ray, Sentry  
  66  10:43  Void Ray  
  70  11:07  Sentry  
  70  11:11  Fleet Beacon  
  72  11:26  Probe  
  72  11:30  Void Ray  
  73  11:33  Stalker x2  
  73  11:34  Stalker x2  
  73  11:38  Probe  
  86  11:54  Stargate  
  86  12:12  Carrier  
  92  12:24  Pylon  
  92  12:26  Pylon  
  92  12:28  Pylon  
  92  12:30  Pylon  
  92  12:32  Stargate  
  92  12:34  Stargate  
  92  12:35  Carrier  
  98  12:46  Void Ray  
  102  12:54  Pylon, Protoss Air Armor Level 1  
  102  12:56  Pylon  
  102  12:58  Pylon  
  102  13:05  Stalker  
  104  13:06  Stalker x2  
  104  13:07  Stalker  
  110  13:16  Carrier  
  116  13:30  Void Ray  
  120  13:55  Carrier  
  126  14:09  Cybernetics Core  
  126  14:13  Void Ray  
  126  14:15  Void Ray  
  134  14:40  Protoss Air Weapons Level 2  
  134  14:44  Photon Cannon  
  134  14:46  Photon Cannon  
  134  14:48  Photon Cannon  
  134  14:49  Photon Cannon  
  134  14:52  Pylon, Protoss Air Armor Level 2  
  134  14:54  Pylon  
  134  14:58  Pylon  
  134  15:24  Tempest  
  134  15:28  Tempest  
  144  15:51  Nexus  
  144  15:56  Pylon  
  144  16:11  Assimilator  
  144  16:15  Assimilator  
  144  16:18  Pylon  
  144  16:21  Void Ray  
  148  16:50  Probe  
  149  16:58  Void Ray  
  153  17:01  Void Ray  
  153  17:02  Probe  
  158  17:14  Probe  
  157  17:26  Probe  
  158  17:38  Probe  
  158  17:42  Stalker  
  158  17:43  Stalker  
  158  17:44  Stalker  
  85  20:31  Void Ray x3  
  85  20:32  Void Ray x2  
  105  21:11  Nexus  
  105  21:13  Pylon  
  105  21:14  Void Ray x4  
  105  21:15  Pylon, Void Ray  
  105  21:17  Pylon  
Show
View Real Time Build Order
Export as new Build Order

Mesrob Terran - Winner!

Build Orders:  

Get SALT Encoding   

  12  0:01  SCV  
  13  0:13  SCV  
  14  0:19  Supply Depot  
  14  0:25  SCV  
  15  0:30  Refinery  
  15  0:37  Refinery  
  15  0:49  Barracks  
  15  1:25  SCV  
  16  1:37  Factory, SCV  
  16  1:38  Barracks Tech Lab  
  17  1:50  Orbital Command  
  17  2:11  Barracks Reactor  
  17  2:19  Supply Depot  
  17  2:33  Supply Depot  
  17  2:34  Siege Tank  
  20  2:38  SCV  
  21  2:48  Barracks  
  21  2:49  Marine  
  21  2:51  Marine  
  23  2:56  SCV  
  24  3:06  Siege Tank  
  24  3:07  Marine  
  24  3:08  Marine  
  29  3:13  SCV  
  30  3:25  Marine, SCV  
  32  3:27  Marine  
  33  3:37  SCV  
  33  3:38  Siege Tank  
  33  3:40  Barracks Tech Lab  
  35  4:24  Marine, Siege Tank  
  39  4:35  Supply Depot  
  39  4:52  Marine x3  
  39  5:09  Marine x3  
  40  5:17  Siege Tank  
  43  5:27  Marine  
  44  5:50  Siege Tank  
  36  6:33  Marine  
  36  6:34  Marine x2  
  36  6:37  Siege Tank  
  41  6:51  Marine  
  41  6:52  Marine x2  
  44  7:09  Siege Tank  
  47  7:25  Marine x3  
  43  7:41  Siege Tank  
  43  7:42  Marine x3  
  47  7:56  Starport  
  47  8:09  Marine  
  45  8:29  Marine x2  
  47  8:34  Command Center  
  47  8:45  Starport Reactor  
  47  8:47  Starport  
  47  8:58  Supply Depot  
  47  9:19  Marine x3  
  47  9:20  Supply Depot, Siege Tank  
  44  9:37  Marine x3  
  40  9:43  Supply Depot  
  34  9:50  Orbital Command  
  34  9:52  Siege Tank  
  34  9:55  Marine x3  
  37  10:06  Supply Depot  
  37  10:10  Bunker  
  37  10:13  Marine  
  38  10:31  Marine  
  39  10:38  Marine  
  39  10:41  Viking x3  
  46  10:46  SCV  
  47  10:57  Refinery  
  47  10:58  SCV  
  48  11:11  Marine, Viking x2  
  45  11:12  Marine  
  51  11:22  Viking  
  53  11:41  Viking  
  51  11:52  Marine x3  
  52  11:54  Siege Tank  
  55  12:09  Marine  
  55  12:10  Marine x2  
  58  12:23  Command Center  
  58  12:26  Viking  
  58  12:27  Marine, Viking  
  58  12:28  Marine  
  64  12:37  Refinery  
  64  12:48  SCV x2  
  66  12:57  Marauder  
  68  13:01  Marine x2  
  70  13:18  Marine  
  70  13:19  Marauder, Marine  
  74  13:36  Marine  
  74  13:40  Marauder  
  70  13:48  Viking x3  
  70  13:51  Marine  
  77  14:05  Orbital Command  
  77  14:18  Marauder, Viking x3  
  85  14:28  Engineering Bay  
  85  14:35  Combat Shield  
  85  14:39  Marauder  
  85  14:43  SCV  
  88  14:48  Viking  
  90  14:57  Viking  
  90  14:58  Marine  
  93  15:17  Refinery  
  93  15:19  SCV  
  94  15:28  Supply Depot  
  94  15:31  SCV  
  95  15:40  Refinery  
  95  15:42  Marine  
  96  15:43  SCV  
  96  15:44  Marine  
  96  15:46  Viking  
  100  15:50  Viking  
  100  15:56  Supply Depot  
  102  16:01  Marine  
  102  16:02  Marine x2  
  104  16:08  SCV  
  105  16:22  SCV  
  106  16:34  SCV  
  106  16:38  SCV  
  108  16:42  SCV  
  108  16:46  SCV  
  110  16:54  SCV  
  110  16:55  Supply Depot  
  111  17:07  Command Center  
  110  17:19  Supply Depot  
  100  17:43  Supply Depot  
  35  18:13  Marine  
  35  18:14  Marine x2  
  35  18:16  Viking  
  35  18:17  Viking  
  42  18:21  Siege Tank  
  45  18:31  Marine  
  45  18:32  Marine x2  
  45  18:33  Planetary Fortress  
  48  18:38  Refinery  
  48  18:46  Viking  
  48  18:47  Viking  
  52  18:49  Marine  
  52  18:50  Marine x2  
  55  19:03  Refinery  
  55  19:07  Marine x3  
  55  19:16  Viking  
  55  19:17  Viking  
  56  19:25  Marine  
  52  19:46  Viking  
  52  19:47  Viking  
  56  20:16  Viking  
  56  20:17  Viking  
  52  21:24  Marine  
  52  21:25  Marine x2  
  48  21:42  Marine x3  
Show
View Real Time Build Order
Export as new Build Order

Fezthebear Zerg 

Build Orders: Pool First 

Get SALT Encoding   

  12  0:01  Drone  
  13  0:13  Overlord  
  13  0:24  Drone  
  14  0:32  Drone x2  
  16  0:40  Drone  
  17  0:46  Drone  
  18  0:51  Spawning Pool  
  17  0:57  Extractor  
  17  0:59  Drone  
  17  1:10  Drone  
  18  1:24  Drone  
  19  1:36  Drone  
  20  1:42  Queen  
  20  1:47  Overlord  
  22  1:51  Overlord  
  22  2:01  Metabolic Boost  
  22  2:08  Zergling x2  
  23  2:22  Zergling x2  
  24  2:25  Hatchery  
  24  2:28  Zergling x2  
  24  2:39  Zergling x2  
  25  2:47  Zergling x2  
  26  2:53  Zergling x6  
  29  3:06  Zergling x2  
  29  3:10  Zergling x2  
  31  3:18  Overlord  
  31  3:22  Zergling x6  
  34  3:44  Lair  
  23  4:14  Queen  
  25  4:18  Drone  
  25  4:19  Drone x8  
  25  4:22  Extractor  
  33  4:25  Evolution Chamber  
  33  4:27  Roach Warren  
  25  4:51  Zergling x10  
  25  5:15  Queen  
  25  5:20  Hydralisk Den  
  26  5:23  Spine Crawler  
  26  5:24  Spore Crawler  
  24  5:36  Hatchery  
  22  5:51  Hydralisk x3  
  5  6:56  Drone  
  5  6:59  Spawning Pool  
  5  7:17  Drone  
  6  7:41  Drone  
  6  7:43  Drone  
  8  7:51  Drone  
  9  8:02  Drone  
  10  8:07  Drone  
  11  8:13  Drone  
  12  8:28  Drone x2  
  14  8:40  Lair  
  14  8:46  Drone x2  
  14  8:47  Drone  
  17  9:05  Extractor  
  17  9:07  Evolution Chamber  
  15  9:11  Roach Warren  
  14  9:18  Zergling x8  
  15  9:42  Queen  
  16  9:52  Zerg Ground Armor Level 1  
  15  10:00  Drone x3  
  18  10:33  Hatchery  
  16  10:51  Drone x2  
  18  10:57  Hydralisk Den  
  17  11:20  Drone x3  
  20  11:30  Queen  
  22  11:38  Extractor  
  22  11:39  Extractor  
  20  12:12  Muscular Augments  
  20  12:13  Hydralisk x3  
  26  12:17  Drone  
  26  12:18  Drone x2  
  26  12:19  Drone x3  
  32  12:42  Drone x4  
  32  12:43  Drone x2  
  38  13:02  Pneumatized Carapace  
  38  13:06  Drone  
  38  13:07  Drone x5  
  38  13:10  Overlord  
  44  13:18  Nydus Network  
  43  13:29  Drone x4  
  43  13:31  Overlord x2  
  43  13:33  Hatchery  
  47  13:34  Zergling x4  
  47  13:35  Zergling x2  
  49  13:53  Zergling x2  
  49  13:54  Zergling x8  
  54  14:00  Zergling x6  
  57  14:04  Zergling x8  
  61  14:27  Zerg Missile Weapons Level 1  
  61  14:35  Infestation Pit  
  61  14:36  Hydralisk  
  61  14:37  Hydralisk x3  
  68  14:42  Overlord x3  
  68  14:43  Overlord  
  68  15:10  Extractor  
  68  15:11  Extractor  
  68  15:13  Evolution Chamber  
  65  15:18  Evolution Chamber  
  65  15:19  Queen  
  66  15:23  Hydralisk  
  66  15:24  Hydralisk x10  
  88  15:32  Drone x4  
  92  15:35  Overlord  
  92  15:58  Grooved Spines  
  92  15:59  Zerg Ground Armor Level 2  
  92  16:05  Infestor  
  94  16:13  Drone x4  
  94  16:14  Drone x2  
  94  16:15  Drone x2  
  102  16:28  Zerg Missile Weapons Level 2  
  102  16:30  Zerg Melee Weapons Level 1  
  102  16:53  Infestor  
  104  16:55  Hydralisk  
  104  16:56  Hydralisk x3  
  112  17:18  Nydus Canal  
  49  18:23  Nydus Canal  
  49  18:34  Hydralisk x2  
  49  18:35  Hydralisk x14  
  49  18:37  Nydus Canal  
  81  18:51  Infestor x2  
  85  19:12  Hive  
  85  19:17  Drone x3  
  88  19:28  Infestor x2  
  60  20:29  Infestor x2  
  60  20:30  Hydralisk x6  
  60  20:31  Hydralisk x4  
  84  20:58  Hydralisk  
  84  20:59  Hydralisk x6  
Show
View Real Time Build Order
Export as new Build Order

Spookatron Terran 

Build Orders:  

Get SALT Encoding   

  12  0:02  SCV  
  13  0:21  Supply Depot  
  13  0:22  SCV  
  14  0:34  SCV  
  15  0:46  Barracks  
  15  1:01  SCV  
  16  1:06  Refinery  
  16  1:13  SCV  
  17  1:25  SCV  
  18  1:36  Supply Depot  
  18  1:38  SCV  
  19  1:44  Refinery  
  19  1:49  Barracks Tech Lab  
  19  1:50  SCV  
  20  2:02  SCV  
  21  2:14  SCV  
  22  2:16  Factory  
  22  2:20  Marauder  
  24  2:26  SCV  
  25  2:38  SCV  
  25  2:41  Marine  
  27  2:50  SCV  
  28  2:57  Command Center  
  28  2:59  Marine  
  28  3:02  Factory Reactor, SCV  
  30  3:09  Starport  
  30  3:16  Marine  
  31  3:28  Engineering Bay  
  31  4:00  Supply Depot  
  31  4:04  Starport Tech Lab  
  31  4:09  Marine  
  32  4:11  Starport  
  32  4:22  Supply Depot  
  32  4:45  Supply Depot  
  29  4:59  Starport Tech Lab  
  26  5:07  Supply Depot  
  26  5:10  SCV  
  27  5:14  Orbital Command  
  27  5:18  Siege Tank  
  27  5:20  Marine x2  
  32  5:22  SCV  
  32  5:28  Banshee  
  36  5:30  Supply Depot  
  36  5:34  SCV  
  37  5:38  Marine x2  
  39  5:46  SCV  
  40  5:50  Siege Tank  
  40  5:53  Supply Depot  
  40  5:56  Marine x2  
  45  5:59  SCV  
  41  6:19  Fusion Core  
  41  6:22  Siege Tank  
  44  6:54  Banshee, Siege Tank  
  44  6:58  Marine  
  44  6:59  Marine  
  48  7:16  Marine x2  
  47  7:33  Battlecruiser  
  47  7:34  Marine x2  
  55  7:37  Banshee  
  55  7:43  SCV  
  59  7:45  Refinery  
  59  7:47  Weapon Refit  
  59  7:52  Marine x2  
  59  7:55  SCV  
  59  7:57  Cloaking Field  
  62  8:07  SCV  
  62  8:11  Refinery  
  63  8:19  SCV  
  64  8:20  Banshee  
  67  8:31  SCV  
  68  8:43  SCV  
  69  8:55  SCV  
  70  8:56  Battlecruiser  
  76  9:07  SCV  
  77  9:19  SCV  
  78  9:55  Battlecruiser  
  78  9:59  Marine x2  
  86  10:12  Terran Infantry Weapons Level 1  
  86  10:14  Factory  
  86  10:16  Marine  
  86  10:17  Marine, SCV  
  89  10:29  SCV  
  89  10:34  Marine x2  
  92  10:41  SCV  
  93  10:52  Marine x2  
  93  10:53  SCV  
  96  10:59  Battlecruiser  
  97  11:05  SCV  
  97  11:17  SCV  
  98  11:18  Armory  
  98  11:19  Battlecruiser  
  104  11:29  SCV  
  104  11:30  Supply Depot  
  105  11:55  Supply Depot  
  105  12:01  Missile Turret  
  105  12:03  Battlecruiser  
  105  12:06  Terran Infantry Armor Level 1  
  111  12:10  Terran Ship Weapons Level 1  
  111  12:16  Thor  
  111  12:21  Missile Turret  
  117  12:28  Supply Depot  
  117  12:44  Missile Turret  
  117  12:51  Supply Depot, Command Center  
  117  12:55  Hyperflight Rotors  
  117  13:13  Supply Depot  
  117  13:25  Battlecruiser  
  123  13:37  Supply Depot  
  117  13:54  Battlecruiser  
  123  14:00  Terran Infantry Weapons Level 2, Supply Depot  
  123  14:04  Terran Vehicle Weapons Level 1  
  124  14:17  SCV  
  124  14:24  Supply Depot  
  124  14:38  Battlecruiser  
  130  14:46  Refinery  
  130  15:09  Refinery  
  130  15:10  Orbital Command  
  130  15:12  Orbital Command  
  130  15:29  Marine x2  
  130  15:34  Battlecruiser  
  138  15:47  Marine x2  
  140  15:53  Missile Turret  
  140  15:58  Terran Vehicle And Ship Armor Level 1  
  140  16:05  Marine x2  
  142  16:14  Missile Turret  
  142  16:16  Terran Infantry Armor Level 2  
  142  16:18  Battlecruiser  
  148  16:23  Marine x2  
  150  16:34  Missile Turret  
  150  16:38  Battlecruiser  
  156  16:55  Missile Turret  
  156  17:17  Missile Turret  
  102  17:39  Missile Turret  
  102  17:40  Viking  
  102  17:43  Viking  
  59  18:36  Command Center  
  52  19:11  Supply Depot  
  23  19:51  Barracks  
  12  21:01  Factory  
  12  21:10  SCV  
  11  21:23  SCV  
  11  21:35  SCV  
  13  21:47  SCV  
  13  21:50  Barracks Reactor  
  13  21:52  Factory Reactor  
Tags
 
Add a new tag
Caveats
  • Supply blocks, unpowered buildings, or Contaminate may cause inaccurate times.
  • Supply counts are checked every 10 seconds.